 Dungeon Crawl Stone Soup version 0.30.1-3-gfc49f6343a (webtiles) character file.

Game seed: 10661823163069506024

57 Peloso the Covered (level 3, 33/33 HPs)
             Began as a Minotaur Fighter on July 19, 2023.
             Got out of the dungeon alive.
             The game lasted 00:02:43 (1660 turns).

Peloso the Covered (Minotaur Fighter)               Turns: 1660, Time: 00:02:43

Health: 33/33      AC:  7    Str: 20    XL:     3   Next: 73%
Magic:  2/2        EV: 10    Int:  5    God:
Gold:   194        SH:  4    Dex: 11    Spells: 2/2 levels left

rFire   . . .        a - +0 long sword
rCold   . . .        c - +0 buckler
rNeg    . . .        b - +0 scale mail
rPois   .            (helmet restricted)
rElec   .            (no cloak)
rCorr   .            (no gloves)
SInv    .            (no boots)
Will    .....        (no amulet) Stlth
                     (no ring)
HPRegen 0.25/turn    (no ring)
MPRegen 0.08/turn

%: no passive effects
@: no status effects
A: horns 2, retaliatory headbutt, wild magic 1, sturdy frame 1
a: no special abilities


You escaped.
You visited 1 branch of the dungeon, and saw 2 of its levels.

You collected 194 gold pieces.

Inventory:

Hand Weapons
 a - a +0 long sword (weapon)
Armour
 b - a +0 scale mail (worn)
 c - a +0 buckler (worn)
Jewellery
 l - a ring of magical power
 m - a ring of protection from fire
Scrolls
 e - 5 scrolls of identify {unknown}
 f - a scroll of teleportation {unknown}
 g - a scroll of blinking {unknown}
 n - a scroll of immolation {unknown}
Potions
 d - a potion of might
 j - 2 potions of heal wounds


   Skills:
 + Level 4.2 Fighting
 + Level 3.0 Long Blades
 + Level 4.3 Armour
 + Level 4.2 Shields


You had 2 spell levels left.
You didn't know any spells.
Your spell library contained the following spells:

 Spells                   Type           Power      Damage    Failure   Level
 Cigotuvi's Dreadful Rot  Necr/Pois/Air  0%         N/A       92%         2
 Ignite Poison            Fire/Tmut/Pois 0%         N/A       99%         3
 Freezing Cloud           Conj/Ice/Air   0%         6-21      100%        5


Dungeon Overview and Level Annotations

Branches:
Dungeon (2/15)

Altars:


Innate Abilities, Weirdness & Mutations

You have a pair of horns on your head.
You reflexively headbutt those who attack you in melee.
Your spells are a little harder to cast, but a little more powerful.
Your movements are slightly less encumbered by armour. (ER -2)


Message History

You see here 15 gold pieces.
The goblin shoots a sling bullet.
The sling bullet hits you.
The goblin shoots a sling bullet.
The sling bullet barely misses you.
You aren't carrying any items that you can evoke.
Okay, then.
It was a potion of haste.
You feel yourself speed up.
The goblin shoots a sling bullet.
The sling bullet closely misses you.
It was a potion of resistance.
You feel protected.
It was a potion of heal wounds.
You feel much better.
The goblin shoots a sling bullet.
The sling bullet hits you but does no damage.
It was a potion of mutation.
You feel extremely strange.
You feel less in control of your magic.
You feel less encumbered by your armour.
The goblin shoots a sling bullet.
The sling bullet hits you but does no damage.
The goblin shoots a sling bullet.
The sling bullet closely misses you.
The goblin shoots a sling bullet.
The sling bullet hits you.
You see here a +0 dagger.
You see here a +0 dagger.
Things that are here:
a +0 club; a hobgoblin skeleton
(D) Dungeon
Where to? (Enter - D:12, ? - help)
What level of the Dungeon? (default 1, ? - help)
You see here a frilled lizard skeleton.
There is a stone staircase leading up here.
You climb upwards.
There is a stone staircase leading down here.
HP restored.
Your extra speed is starting to run out.
You feel yourself slow down.
You see here a +0 dagger.
You start to feel less resistant.
Your resistance to elements expires.
There is a fountain of clear blue water here.
There is a staircase leading out of the dungeon here.
Are you sure you want to leave the Dungeon?
This will make you lose the game!
You have escaped!

.# #.# #.........#
#...### .# #.#
####...##.######### # .#
#.# #.........# ## .#
#.###########.####.# #)
.# #.#................#
#. .#
#....##♣♣♣.♣♣♣##...# #.
.######....# ♣⌠♣ #..##
####.
...........♣♣♣♣♣.♣♣♣♣♣..#
#....
########......⌠.@.⌠.....#
###.###
##..♣♣♣♣♣.♣♣♣♣♣..# #...#
#..# ♣⌠♣ #..###.###
#..##♣♣♣.♣♣♣##......#
#................####
##################


There were no monsters in sight!

Vanquished Creatures
  An adder (D:2)
  A worm (D:2)
  A ball python (D:1)
  7 endoplasms
  7 goblins
  5 hobgoblins
  4 kobolds (D:1)
  A quokka (D:1)
  3 bats (D:1)
  6 frilled lizards
  7 rats
43 creatures vanquished.

Notes
Turn   | Place    | Note
-------+----------+-------------------------------------------
     0 | D:1      | Peloso the Minotaur Fighter began the quest for the Orb.
     0 | D:1      | Reached XP level 1. HP: 19/19 MP: 0/0
   195 | D:1      | Reached XP level 2. HP: 27/27 MP: 1/1
   655 | D:1      | Reached XP level 3. HP: 33/33 MP: 2/2
  1577 | D:2      | Gained mutation: Your spells are a little harder to cast,
                  | but a little more powerful. [potion of mutation]
  1577 | D:2      | Gained mutation: Your movements are slightly less
                  | encumbered by armour. (ER -2) [potion of mutation]
  1660 | D:$      | Got out of the dungeon alive.

Illustrated notes

Levels and vault maps discovered:
D:1:      scummos_arrival_forest, layout_basic, serial_forest,
          infiniplex_forest_lined_4_way, infiniplex_forest_clump_small,
          infiniplex_forest_clump_curved, infiniplex_forest_end_2,
          infiniplex_forest_lined_corner
D:2:      layout_loops_ring, minmay_goblin_outpost

Skill      XL: |  1  2  3 |
---------------+----------+-----
Shields        | 4 |  4.2
Armour         | 4 |  4.3
Fighting       | 4 |  4.2
Long Blades    | 3 |  3.0

Action                     || total
---------------------------++-------
  Melee: Long sword        ||   303
         Headbutt          ||    92
    Use: Potion            ||     4
 Armour: Scale mail        ||    47
  Dodge: Dodged            ||    35
  Block: Buckler           ||    20
